 Dungeon Crawl Stone Soup version 0.24.0-10-g970556be89 (webtiles) character file.

Game seed: 12945626348819425229, levelgen mode: deterministic

41 LostNumber the Ruffian (level 3, 0/33 HPs)
             Began as a Troll Ice Elementalist on Nov 4, 2019.
             Slain by an orc
             ... wielding a +0 flail
              (7 damage)
             ... on level 3 of the Dungeon.
             The game lasted 00:03:37 (1487 turns).

LostNumber the Ruffian (Troll Ice Elementalist)     Turns: 1487, Time: 00:03:38

Health: 0/33       AC:  6    Str: 17    XL:     3   Next: 32%
Magic:  3/3        EV: 10    Int: 11    God:
Gold:   94         SH:  0    Dex: 10    Spells: 3/4 levels left

rFire    . . .     SeeInvis .     - Unarmed
rCold    . . .     Gourm    +   (no shield)
rNeg     . . .     Faith    .   a - +0 robe
rPois    .         Spirit   .   (helmet restricted)
rElec    .         Reflect  .   (no cloak)
rCorr    .         Harm     .   (gloves unavailable)
MR       .....                  (boots unavailable)
Stlth    +.........             (no amulet)
HPRegen  0.51/turn              (no ring)
MPRegen  0.08/turn              (no ring)

@: no status effects
A: large, unfitting armour, claws 3, fast metabolism 3, gourmand, regeneration
1, shaggy fur 1, tough skin 3
a: no special abilities


You were on level 3 of the Dungeon.
You were completely stuffed.

You visited 1 branch of the dungeon, and saw 3 of its levels.

You collected 94 gold pieces.

Inventory:

Armour
 a - a +0 robe (worn)
Scrolls
 b - 5 scrolls of identify {unknown}
 c - 2 scrolls of teleportation {unknown}
 f - a scroll of amnesia {unknown}
 g - a scroll of immolation {unknown}
 h - a scroll of fog {unknown}
 j - 2 scrolls of enchant armour {unknown}
 p - 5 scrolls of remove curse {unknown}
 q - a scroll of blinking {unknown}
Potions
 d - a potion of flight {unknown}
 i - 2 potions of haste {unknown}
 k - 3 potions of curing {unknown}
 l - a potion of invisibility {unknown}
 m - a potion of agility {unknown}
 n - 2 potions of ambrosia {unknown}
 o - a potion of heal wounds {unknown}
 s - a potion of cancellation {unknown}
Comestibles
 e - 7 rations {!d}
 r - 4 chunks of flesh


   Skills:
 + Level 1.2 Fighting
 - Level 1.5 Dodging
 - Level 1.0 Stealth
 * Level 2.4 Unarmed Combat
 - Level 1.2 Spellcasting
   Level 0.6 Conjurations
 - Level 2.1 Ice Magic


You had 3 spell levels left.
You knew the following spells:

 Your Spells              Type           Power        Failure   Level  Hunger
a - Freeze                Ice            #...         13%         1    ##.....

Your spell library contained the following spells:

 Spells                   Type           Power        Failure   Level  Hunger
 Throw Frost              Conj/Ice       #.....       26%         2    ###....
 Confusing Touch          Hex            #.....       32%         1    ##.....
 Ozocubu's Armour         Chrm/Ice       #.......     52%         3    ####...
 Confuse                  Hex            #.......     67%         3    ####...
 Gell's Gravitas          Tloc           #.........   67%         3    ####...
 Throw Icicle             Conj/Ice       #.......     87%         4    #####..
 Summon Ice Beast         Ice/Summ       #.......     90%         4    #####..
 Petrify                  Tmut/Erth      #.......     97%         4    #####..
 Metabolic Englaciation   Hex/Ice        #.........   99%         5    ######.
 Yara's Violent Unravell  Hex/Tmut       #.........   100%        5    ######.


Dungeon Overview and Level Annotations

Branches:
Dungeon (3/15)

Altars:
Ru
Wu Jian
Zin


Innate Abilities, Weirdness & Mutations

You are too large for most types of armour.
You have claws for hands.
Your metabolism is lightning-fast.
You like to eat raw meat.
Your natural rate of healing is unusually fast.
You are covered in fur. (AC +1)
You have extremely tough skin. (AC +3)


Message History

The orc shouts!
You hear a shout!
You hear an angry hiss.
The orc wizard shouts!
You hear a shout! x4
Unknown command.
The orc throws a boomerang.
The boomerang hits you but does no damage.
The weapon returns to the orc!
The orc wizard casts a spell at you. The magic dart hits you.
The orc sings a few bars from the Orcish anthem.
The orc throws a boomerang.
The boomerang barely misses you.
The weapon returns to the orc!
You see here a robe.
Unknown command.
You barely miss the orc. The orc hits you with a +0 club.
You barely miss the orc. The orc hits you with a +0 club.
You claw the orc!
You kill the orc!
The orc wizard points at you and mumbles some strange words.
The magic dart hits you.
The orc wizard gestures at you while chanting.
The puff of frost hits you!
* * * LOW HITPOINT WARNING * * *
You see here a +0 club.
You closely miss the orc wizard.
The orc wizard hits you with a +0 dagger.
* * * LOW HITPOINT WARNING * * *
You scratch the orc wizard. The orc wizard barely misses you.
You scratch the orc wizard.
The orc throws a boomerang.
The boomerang barely misses you.
Unknown command.
The orc wizard hits you with a +0 dagger.
* * * LOW HITPOINT WARNING * * *
The orc hits you with a +0 flail.
* * * LOW HITPOINT WARNING * * *
You see here a robe.
You closely miss the orc wizard.
The orc wizard hits you with a +0 dagger.
* * * LOW HITPOINT WARNING * * *
You scratch the orc wizard. The orc hits you with a +0 flail.
* * * LOW HITPOINT WARNING * * *
The orc wizard barely misses you.
Unknown command.
Unknown command.
You scratch the orc wizard. The orc closely misses you.
An orc wizard comes into view. It is wielding a +0 dagger.
The orc wizard hits you but does no damage.
Unknown command.
You scratch the orc wizard but do no damage.
The orc hits you with a +0 flail!
You die...

........................
.......................
..###########.##....###.####
..# #.........o....# .##
#.##....###.##.# .#
#.##....###.## .########
#....o...o..... ......).#
#.##o#..###.##. ........#
#.#.##@#..#
........###....)o...#
.........##+#+##.#..#
#####............#...#
#............###.##
#......<..........#
#............####.#
#............# # #
#.......<....# #.#


You could see 2 orc wizards and an orc.

Vanquished Creatures
  An adder skeleton (D:3)
  A dart slug (D:1)
  3 leopard geckos
  An orc (D:3)
  2 ball pythons (D:2)
  4 bats
  2 giant cockroaches
  2 goblins
  4 hobgoblins
  2 frilled lizards
  4 kobolds
  5 rats
31 creatures vanquished.

Notes
Turn   | Place    | Note
-------+----------+-------------------------------------------
     0 | D:1      | LostNumber the Troll Ice Elementalist began the quest for
                  | the Orb.
     0 | D:1      | Reached XP level 1. HP: 16/16 MP: 1/1
   127 | D:1      | Reached skill level 1 in Unarmed Combat
   284 | D:1      | Reached XP level 2. HP: 26/26 MP: 2/2
   626 | D:2      | Found a glowing silver altar of Zin.
   631 | D:2      | Found a sacrificial altar of Ru.
   870 | D:2      | Found an ornate altar of the Wu Jian Council.
  1043 | D:2      | Reached skill level 1 in Fighting
  1387 | D:3      | Reached XP level 3. HP: 28/33 MP: 3/3
  1487 | D:3      | Slain by an orc

Levels and vault maps discovered:
D:1:      giann_bridges, layout_loops_ring
D:2:      layout_basic, gammafunk_temple_overflow_forgotten, grunt_ministairs_3
D:3:      layout_basic, old_standard_altar, first_ration, uniq_grinder

Skill      XL: |  1  2 |
---------------+-------+-----
Unarmed Combat | 1 2 |  2.4
Fighting       | 1 |  1.2
Dodging        | |  1.5
Stealth        | |  1.0
Spellcasting   | |  1.2
Conjurations   | |  0.6
Ice Magic      | |  2.1

Action                   || total
-------------------------++-------
Melee: Unarmed           ||   107
  Eat: Chunk             ||    19
Armor: Robe              ||    47
Dodge: Dodged            ||    57
